 Dungeon Crawl Stone Soup version 0.22.0 (webtiles) character file.

291 BigChef the Slasher (level 6, -2/48 HPs)
             Began as a Demonspawn Chaos Knight on Sept 3, 2018.
             Slain by Grinder (4 damage)
             ... on level 4 of the Dungeon.
             The game lasted 00:05:34 (3314 turns).

BigChef the Slasher (Demonspawn Chaos Knight)       Turns: 3314, Time: 00:05:35

Health: -2/48      AC: 10    Str: 18    XL:     6   Next: 10%
Magic:  6/6        EV: 12    Int: 13    God:    Xom [*.....]
Gold:   94         SH:  4    Dex: 15    Spells: 5/5 levels left

rFire    + . .     SeeInvis +   a - +0 falchion (chaos)
rCold    + + .     Gourm    .   f - +0 buckler
rNeg     . . .     Faith    .   b - +2 leather armour
rPois    +         Spirit   .   (no helmet)
rElec    +         Reflect  .   n - +0 cloak
rCorr    +         Harm     +   h - +0 pair of gloves
MR       .....                  (no boots)
Stlth    +++.......             i - amulet of harm
HPRegen  0.16/turn              (no ring)
MPRegen  0.10/turn              (no ring)

@: resistant
A: claws 1, thin metallic scales 2, see invisible, agile 1, cold resistance 1,
nightstalker 1, strong 2
a: Renounce Religion


You were on level 4 of the Dungeon.
You worshipped Xom.
You were a special plaything of Xom.
You were very hungry.

You visited 1 branch of the dungeon, and saw 4 of its levels.

You collected 94 gold pieces.

Inventory:

Hand Weapons
 a - a +0 falchion of chaos (weapon)
Armour
 b - a +2 leather armour (worn)
 f - a +0 buckler (worn)
 h - a +0 pair of gloves (worn)
 n - a +0 cloak (worn)
Jewellery
 i - an amulet of harm (around neck)
Wands
 m - a wand of paralysis (4)
Scrolls
 d - a scroll of random uselessness {unknown}
 e - 2 scrolls of enchant weapon
 g - 5 scrolls of identify
 j - a scroll of enchant armour {unknown}
 k - a scroll of immolation {unknown}
 l - 2 scrolls of remove curse {unknown}
 o - a scroll of teleportation {unknown}
 q - a scroll of blinking {unknown}
 s - a scroll of magic mapping {unknown}
Comestibles
 c - 8 rations


   Skills:
 + Level 4.0 Fighting
 + Level 4.1 Long Blades
 + Level 2.3 Armour
 + Level 2.1 Dodging
 + Level 2.4 Stealth
 + Level 1.1 Shields


You had 5 spell levels left.
You didn't know any spells.
Your spell library was empty.

Dungeon Overview and Level Annotations

Branches:
Dungeon (4/15)
 Temple: D:4-7

Altars:
Xom

Annotations:
D:4 Grinder


Innate Abilities, Weirdness & Mutations

You have sharp fingernails.
You are mostly covered in thin metallic scales. (AC +3)
You are slightly more attuned to the shadows.
You have supernaturally acute eyesight. (SInv)
You are agile. (Dex +2)
Your flesh is cold resistant. (rC+)
Your muscles are very strong. (Str +4)


Message History

You feel stronger. x2
Grinder gestures at you.
You suddenly lose the ability to move!
Grinder blinks!
You hear the slow hiss of a distant avalanche of sand.
Grinder hits you.
* * * LOW HITPOINT WARNING * * *
Grinder hits you but does no damage. Grinder gestures at you.
You resist with significant effort.
You can move again.
There is a stone staircase leading up here.
Okay, then.
Aiming: Paralyse
Press: ? - help, Shift-Dir - straight line, f - Grinder
Aim: Grinder (lightly wounded, chance to defeat MR: 46%) Grinder resists with some effort.
You block Grinder's attack. Grinder hits you.
You die...
Xom giggles madly!

#.. #.. #.... ....
#.....# #...#
.......###..... ..#
#...#......
#.###........#
##.......§§...#
#@.......§§...#
#.5###..§§....##
.....#..####........
####.##..###....#..#
#. ##...†....#..# #.
##.?###.## .. #.
#.## .# ..## .. ##.
.#.


You could see Grinder.

Vanquished Creatures
  A scorpion (D:3)
  Crazy Yiuf (D:2)
  Ijyb (D:3)
  A worker ant (D:4)
  7 adders
  3 worms
  A dart slug (D:2)
  3 leopard geckos
  An orc (D:3)
  6 bats
  2 giant cockroaches
  11 goblins
  11 hobgoblins
  11 jackals
  5 kobolds
  A quokka (D:3)
  A ball python (D:2)
  6 frilled lizards
  12 rats
85 creatures vanquished.

Vanquished Creatures (others)
  A hobgoblin (D:1)
1 creature vanquished.

Grand Total: 86 creatures vanquished

Notes
Turn   | Place    | Note
-------+----------+-------------------------------------------
     0 | D:1      | BigChef the Demonspawn Chaos Knight began the quest for the Orb.
     0 | D:1      | Reached XP level 1. HP: 18/18 MP: 1/1
   132 | D:1      | XOM: blink monster(s)
   219 | D:1      | XOM: scenery: create altars
   321 | D:1      | XOM: cloud trail
   396 | D:1      | Gained mutation: You are slightly more attuned to the shadows. [demonic ancestry]
   396 | D:1      | Reached XP level 2. HP: 24/24 MP: 2/2
   839 | D:1      | Gained mutation: You are partially covered in thin metallic scales. (AC +2) [demonic ancestry]
   839 | D:1      | Reached XP level 3. HP: 29/29 MP: 3/3
   927 | D:1      | XOM: noise
   953 | D:1      | XOM: summons 1 hostile demon
  1335 | D:2      | Reached skill level 1 in Dodging
  1351 | D:2      | Found a runed door.
  1743 | D:2      | Reached XP level 4. HP: 23/36 MP: 4/4
  2074 | D:2      | XOM: enchant monster (good)
  2100 | D:2      | XOM: smoke on damage
  2393 | D:2      | XOM: harmless Tloc miscast
  2469 | D:2      | Noticed Crazy Yiuf
  2471 | D:2      | Killed Crazy Yiuf
  2471 | D:2      | Reached skill level 1 in Stealth
  2471 | D:2      | Gained mutation: You have sharp fingernails. [demonic ancestry]
  2471 | D:2      | Reached XP level 5. HP: 42/42 MP: 5/5
  2627 | D:3      | XOM: divination: detect creatures
  2667 | D:3      | XOM: cast spell 'Olgreb's Toxic Radiance'
  2945 | D:3      | Noticed Ijyb
  2952 | D:3      | Paralysed by something for 3 turns
  2957 | D:3      | Gained mutation: You have supernaturally acute eyesight. (SInv) [potion of mutation]
  2957 | D:3      | Gained mutation: You are agile. (Dex +2) [potion of mutation]
  2957 | D:3      | Gained mutation: Your flesh is cold resistant. (rC+) [potion of mutation]
  2961 | D:3      | Paralysed by Ijyb for 3 turns
  2973 | D:3      | Killed Ijyb
  3200 | D:3      | Gained mutation: You are mostly covered in thin metallic scales. (AC +3) [demonic ancestry]
  3200 | D:3      | Reached XP level 6. HP: 46/48 MP: 6/6
  3274 | D:4      | Noticed Grinder
  3283 | D:4      | XOM: chaos cloud
  3293 | D:4      | Reached skill level 1 in Shields
  3298 | D:4      | HP: 2/48 [Grinder (6)]
  3308 | D:4      | XOM: give mutations
  3308 | D:4      | Gained mutation: Your muscles are strong. (Str +2) [Xom's grace]
  3308 | D:4      | Gained mutation: Your muscles are very strong. (Str +4) [Xom's grace]
  3308 | D:4      | Paralysed by Grinder for 5 turns
  3310 | D:4      | HP: 2/48 [Grinder (7)]
  3314 | D:4      | Slain by Grinder

Skill      XL: |  1  2  3  4  5  6 |
---------------+-------------------+-----
Long Blades    | 3 4 |  4.1
Dodging        | 1 2 |  2.1
Armour         | 2 |  2.3
Stealth        | 1 2 |  2.4
Fighting       | 4 |  4.0
Shields        | 1 |  1.1

Action                   |  1- 3 |  4- 6 || total
-------------------------+-------+-------++-------
Melee: Falchion          |   125 |   147 ||   272
Evoke: Wand              |       |     1 ||     1
  Use: Potion            |     1 |     5 ||     6
       Scroll            |       |     1 ||     1
 Stab: Sleeping          |     3 |    15 ||    18
       Paralysed         |       |     1 ||     1
       Confused          |       |     2 ||     2
  Eat: Chunk             |     2 |     5 ||     7
Armor: Leather armour    |    81 |    50 ||   131
Dodge: Dodged            |    94 |    80 ||   174
Block: Buckler           |    18 |    16 ||    34
       Rpst.: Falchion   |    27 |    26 ||    53
